 Dungeon Crawl Stone Soup version 0.29-a0-275-g389c0b56f3 (webtiles) character file.

Game seed: 17518605477575175187

23 sammy202020 the Sneak (level 3, 0/25 HPs)
             Began as an Octopode Brigand on Mar 10, 2022.
             Slain by an iguana (12 damage)
             ... on level 2 of the Dungeon.
             The game lasted 00:01:28 (826 turns).

sammy202020 the Sneak (Octopode Brigand)             Turns: 826, Time: 00:01:29

Health: 0/25       AC:  1    Str: 10    XL:     3   Next: 0%
Magic:  3/3        EV: 13    Int: 13    God:
Gold:   35         SH:  0    Dex: 15    Spells: 2/2 levels left

rFire   . . .      SeeInvis .   a - +2 dagger
rCold   . . .      Faith    .   (no shield)
rNeg    . . .      Spirit   .   (helmet restricted)
rPois   .          Reflect  .   (no amulet)
rElec   .          Harm     .   (no ring)
rCorr   .          Rampage  .   (no ring)
Will    .....                   (no ring)
Stlth   ++++......              (no ring)
HPRegen 0.08/turn               (no ring)
MPRegen 0.08/turn               (no ring)
                                (no ring)
                                (no ring)

@: lethally poisoned (0 -> -2)
A: almost no armour, amphibious, 8 rings, camouflage 1, gelatinous body 1,
(nimble swimmer 1), tentacles
a: no special abilities


You were on level 2 of the Dungeon.
You visited 1 branch of the dungeon, and saw 2 of its levels.

You collected 35 gold pieces.

Inventory:

Hand Weapons
 a - a +2 dagger (weapon)
Missiles
 b - 7 poisoned darts (quivered)
 c - 3 curare-tipped darts
Scrolls
 e - a scroll of identify {unknown}
 f - a scroll of magic mapping {unknown}
 h - a scroll of acquirement {unknown}
 i - a scroll of immolation {unknown}
Potions
 d - a potion of curing {unknown}
 g - a potion of flight {unknown}
 j - a potion of haste {unknown}
 k - a potion of might {unknown}


   Skills:
 * Level 2.4 Fighting
 * Level 2.4 Short Blades
 - Level 2.0 Throwing
 * Level 1.6 Dodging
 + Level 5.5 Stealth


You had 2 spell levels left.
You didn't know any spells.
Your spell library was empty.

Dungeon Overview and Level Annotations

Branches:
Dungeon (2/15)

Altars:


Innate Abilities, Weirdness & Mutations

You cannot wear most types of armour.
You are amphibious.
You can wear up to eight rings at the same time.
Your skin changes colour to match your surroundings (Stealth+).
Your rubbery body absorbs attacks. (AC +1, EV +1)
((You are camouflaged when in or above water. (Stealth+)))
You have tentacles for arms and can constrict up to eight enemies at once.


Message History

The poisoned dart hits the kobold.
The kobold is poisoned.
The kobold shouts!
Throw: 8 darts (poison)
Press: ? - help, Q - select action, (/) - cycle Shift-Dir - straight line, f/p - adder
Aim: an adder (40% to hit)
You throw a poisoned dart.
The poisoned dart closely misses the adder.
Unknown command.
An iguana comes into view.
You kill the kobold!
The adder bites you.
You barely miss the adder.
The iguana hisses angrily.
Your grab misses the adder. Your squeeze misses the adder. The adder bites you.
The adder barely misses you.
You miss the adder. Your grab misses the adder. You squeeze the adder!
The adder is heavily wounded.
The adder barely misses you.
You miss the adder. Your grab misses the adder.
The adder is heavily wounded.
The adder bites you.
You are poisoned.
The adder poisons you!
You hit the adder. Your grab misses the adder.
The adder is severely wounded.
You feel sick. The adder barely misses you.
You hit the adder.
You kill the adder!
You feel sick.
You have reached level 3!
Your experience leads to an increase in your attributes!
Increase (S)trength, (I)ntelligence, or (D)exterity?
You feel agile. x2
You hit the iguana. Your grab misses the iguana. You squeeze the iguana.
The iguana is moderately wounded.
You feel sick.
You hit the iguana. Your grab misses the iguana.
The iguana is heavily wounded.
You feel sick. The iguana bites you!
You die...

....#..<...#.#
........+........#
..?.....#......###
......#.†........#
.([...#........#.#
...(.).......###.#
.................#
...........#######
......l@...#
...........########
...................
......#####........
...... #........
...... #........
..... #####....
..... .#+# #


You could see an iguana.

Vanquished Creatures
  An adder (D:2)
  3 bats (D:1)
  An endoplasm (D:1)
  A giant cockroach (D:2)
  2 hobgoblins (D:1)
  2 frilled lizards
  A kobold (D:2)
  4 rats (D:1)
15 creatures vanquished.

Notes
Turn   | Place    | Note
-------+----------+-------------------------------------------
     0 | D:1      | sammy202020 the Octopode Brigand began the quest for the
                  | Orb.
     0 | D:1      | Reached XP level 1. HP: 14/14 MP: 1/1
   597 | D:1      | Reached XP level 2. HP: 19/19 MP: 2/2
   825 | D:2      | Reached XP level 3. HP: 14/25 MP: 3/3
   826 | D:2      | Slain by an iguana

Illustrated notes

Levels and vault maps discovered:
D:1:      dpeg_arrival_chambers_temple_mockup, layout_basic
D:2:      layout_basic, dreamdust_princess_bridge, uniq_natasha

Action                   || total
-------------------------++-------
Melee: Dagger            ||    22
       Constrict         ||     1
       Tentacles         ||     2
Throw: Dart              ||     2
 Stab: Sleeping          ||     8
Armor: Skin              ||     2
Dodge: Dodged            ||     5

Table legend: (Time is in decaauts)
 A = Elapsed time spent in this place.
 B = Non-inter-level travel time spent in this place.
 C = Inter-level travel time spent in this place.
 D = Time resting spent in this place.
 E = Time spent auto-exploring this place.
 F = Levels seen in this place.
 G = Mean time per level.
                   A        B        C        D        E       F      G
               +--------+--------+--------+--------+--------+-----+--------+
         Total |    823 |    820 |      3 |      0 |    727 |   2 |  411.5 |
       Dungeon |    823 |    820 |      3 |      0 |    727 |   2 |  411.5 |
               +--------+--------+--------+--------+--------+-----+--------+

Top non-repeatable levels by time:
     D:1: 780 daAuts
     D:2: 42 daAuts
